 Dungeon Crawl Stone Soup version 0.31.0-32-g396128a36d (webtiles) character file.

Game seed: 18137159434470721058

463 spectrum17 the Cudgeller (level 6, -6/61 HPs)
             Began as a Troll Gladiator on Apr 1, 2024.
             Was a Follower of Qazlal.
             Killed from afar by a white imp (9 damage)
             ... with a puff of frost
             ... summoned by Eustachio
             ... on level 5 of the Dungeon on Apr 2, 2024.
             The game lasted 00:16:16 (1284 turns).

spectrum17 the Cudgeller (Troll Gladiator)          Turns: 1284, Time: 00:16:16

Health: -6/61      AC:  4    Str: 25    XL:     6   Next: 79%
Magic:  5/5        EV: 10    Int:  4    God:    Qazlal [*.....]
Gold:   92         SH:  1    Dex: 11    Spells: 5/5 levels left

rFire   . . .        a - +0 flail
rCold   . . .        (no shield)
rNeg    . . .        b - +0 robe
rPois   .            c - +0 hat
rElec   .            (no cloak)
rCorr   .            (gloves unavailable)
SInv    .            (boots unavailable)
Will    .....        (no amulet)
Stlth   +            (no ring)
HPRegen 1.10/turn    (no ring)
MPRegen 0.09/turn

%: no passive effects
@: no status effects
A: large, unfitting armour, claws 3, regeneration 1, shaggy fur 1, tough skin 1
a: Renounce Religion


You were on level 5 of the Dungeon.
You worshipped Qazlal.
Qazlal was aware of your devotion.
You visited 2 branches of the dungeon, and saw 6 of its levels.

You collected 92 gold pieces.

Inventory:

Hand Weapons
 a - a +0 flail (weapon)
 m - a +0 whip of electrocution
Missiles
 d - 3 throwing nets (quivered)
 e - a large rock
 k - 3 javelins
Armour
 b - a +0 robe (worn)
 c - a +0 hat (worn)
 f - a +0 pair of boots
 g - a +0 pair of gloves
 j - a +0 leather armour
Scrolls
 h - a scroll of poison {unknown}
Potions
 i - 2 potions of resistance {unknown}
 l - a potion of heal wounds {unknown}


   Skills:
 + Level 3.0 Fighting
 + Level 5.2 Maces & Flails
 + Level 1.9 Throwing
 + Level 3.9 Dodging
 + Level 0.4 Stealth


You had 5 spell levels left.
You didn't know any spells.
Your spell library contained the following spells:

 Spells                   Type           Power      Damage    Failure   Level
 Blink                    Tloc           0%         N/A       65%         2
 Lesser Beckoning         Tloc           0%         N/A       65%         2
 Momentum Strike          Conj/Tloc      0%         3d8       65%         2


Dungeon Overview and Level Annotations

Branches:
Dungeon (5/15)             Temple (1/1) D:4

Altars:
Dithmenos
Elyvilon
Fedhas
Kikubaaqudgha
Nemelex Xobeh
Okawaru
Qazlal
Ru
Sif Muna
Uskayaw
Xom
Yredelemnul
The Shining One

Shops:
D:1 (

Annotations:
D:5 Eustachio
Temple 2 transporters


Innate Abilities, Weirdness & Mutations

You are too large for most types of armour.
You have claws for hands.
Your natural rate of healing is unusually fast.
You are covered in fur. (AC +1)
You have tough skin. (AC +1)


Message History

The ufetubus hits you.
* * * LOW HITPOINT WARNING * * *
The white imp hits you.
* * * LOW HITPOINT WARNING * * *
The white imp freezes you.
* * * LOW HITPOINT WARNING * * *
The shadow imp closely misses you. The ufetubus closely misses you. x2
The white imp gestures at you. The puff of frost misses you.
Eustachio mumbles some strange words.
Eustachio blinks!
The ufetubus attacks as it pursues you! The ufetubus hits you.
* * * LOW HITPOINT WARNING * * *
The ufetubus hits you but does no damage.
The white imp attacks as it pursues you!
The white imp closely misses you. The ufetubus closely misses you.
The ufetubus barely misses you. The ufetubus attacks as it pursues you!
The ufetubus closely misses you. x2
The ufetubus hits you.
* * * LOW HITPOINT WARNING * * *
The ufetubus barely misses you. The ufetubus attacks as it pursues you!
The ufetubus hits you.
* * * LOW HITPOINT WARNING * * *
The ufetubus hits you.
* * * LOW HITPOINT WARNING * * *
The ufetubus attacks as it pursues you! The ufetubus hits you.
* * * LOW HITPOINT WARNING * * *
The ufetubus hits you but does no damage. x2
You block the ufetubus's attack. The ufetubus attacks as it pursues you!
The ufetubus hits you.
* * * LOW HITPOINT WARNING * * *
The ufetubus hits you.
* * * LOW HITPOINT WARNING * * *
Eustachio mumbles some strange words.
Eustachio blinks!
The ufetubus disappears in a puff of smoke!
The white imp gestures at you. The puff of frost hits you!
You die...

#.# .# #.# ....
##.###.# ......
###...##.# ......
..#... #.##......
#.#.. #.. ..#.# #.#.#
#.##....#
#.###.#.####.#.....##
#...@.○§.5.§.........
#######5####......###
#.# ###.##.# #.# #.#
# #.# #.# ########
#.# #.# ##......# #)#
#.# ...####.# #.# #.#
÷..# #.###########.#
#.#


You could see a white imp (summoned) and a shadow imp (summoned).

Vanquished Creatures
  A black bear (D:5)
  A sky beast (D:3)
  A phantom (Temple)
  2 bombardier beetles (D:5)
  A hound (D:5)
  An orc priest (D:5)
  6 adders
  3 dart slugs
  7 orcs
  A ball python (D:3)
  3 endoplasms
  A giant cockroach (D:1)
  2 hobgoblins (D:4)
  5 goblins
  4 kobolds
  A rat (D:2)
40 creatures vanquished.

Notes
Turn   | Place    | Note
-------+----------+-------------------------------------------
     0 | D:1      | spectrum17 the Troll Gladiator began the quest for the Orb.
     0 | D:1      | Reached XP level 1. HP: 19/19 MP: 0/0
    32 | D:1      | Found Peadat's Weapon Shop.
    96 | D:1      | Reached XP level 2. HP: 11/28 MP: 1/1
   183 | D:2      | Reached skill level 3 in Maces & Flails
   309 | D:3      | Found a stormy altar of Qazlal.
   338 | D:3      | Reached XP level 3. HP: 4/35 MP: 2/2
   347 | D:3      | Became a worshipper of Qazlal Stormbringer
   372 | D:3      | Found a sparkling altar of Nemelex Xobeh.
   482 | D:3      | Noticed a sky beast
   489 | D:3      | Killed a sky beast
   490 | D:3      | Reached XP level 4. HP: 35/42 MP: 3/3
   642 | D:4      | Reached skill level 4 in Maces & Flails
   651 | D:4      | Reached XP level 5. HP: 46/49 MP: 4/4
   661 | D:5      | Entered Level 5 of the Dungeon
   787 | D:5      | Noticed a black bear
   791 | D:5      | Noticed Eustachio
   838 | D:4      | Noticed a phantom
   860 | D:4      | Found a staircase to the Ecumenical Temple.
   888 | Temple   | Found a transporter.
   888 | Temple   | Found a transporter.
   888 | Temple   | Found a transporter.
   888 | Temple   | Found a transporter.
   888 | Temple   | Entered the Ecumenical Temple
   921 | Temple   | Killed a phantom
   922 | Temple   | Reached XP level 6. HP: 32/59 MP: 5/5
  1150 | D:5      | Reached skill level 5 in Maces & Flails
  1184 | D:5      | Reached * piety under Qazlal
  1282 | D:5      | HP: 2/61 [ufetubus[Eustachio] (4)]
  1284 | D:5      | Killed from afar by a white imp

Illustrated notes

Levels and vault maps discovered:
D:1:      minmay_arrival_cross, layout_rooms, serial_shops, shop
D:2:      layout_basic, grunt_decor_one_mirror
D:3:      layout_loops_ring, nemelex_xobeh_ov_fountains_minmay,
          mainiacjoe_overflow_brackets, serial_shops, nicolae_diamond_shop
D:4:      layout_loops_ring, minmay_temple_entry_slanted
D:5:      layout_loops_ring, marbit_many_paths, zin_angel, corexii_corridor_pit,
          uniq_eustachio
Temple:   hellmonk_temple_divided_pantheon

Skill      XL: |  1  2  3  4  5  6 |
---------------+-------------------+-----
Maces & Flails | 3 4 5 |  5.2
Fighting       | 2 3 |  3.0
Dodging        | 3 |  3.9
Throwing       | |  1.9
Stealth        | |  0.4

Action                     |  1- 3 |  4- 6 || total
---------------------------+-------+-------++-------
  Melee: Flail             |    66 |   161 ||   227
         Punch             |       |     1 ||     1
    Use: Potion            |     1 |       ||     1
   Stab: Sleeping          |     1 |       ||     1
 Armour: Robe              |    76 |   220 ||   296
  Dodge: Dodged            |    48 |   141 ||   189
  Block: Other             |       |     4 ||     4
